 Dungeon Crawl Stone Soup version 0.31-a0-544-gceb718ecc6 (webtiles) character file.

Game seed: 18214111242568124935

178 Aj7335 the Chopper (level 5, -2/4 HPs)
             Began as a Minotaur Berserker on Aug 15, 2023.
             Was a Believer of Trog.
             Slain by a lemure (3 damage)
             ... led by Pikel
             ... on level 4 of the Dungeon.
             The game lasted 00:04:20 (2928 turns).

Aj7335 the Chopper (Minotaur Berserker)             Turns: 2928, Time: 00:04:20

HP:   -2/4 (4)      AC:  2    Str: 21    XL:     5   Next: 32%
MP:   4/4           EV: 10    Int:  4    God:    Trog [**....]
Gold: 186           SH:  0    Dex: 12    Spells: 4/4 levels left

rFire   . . .        a - melded +0 hand axe
rCold   . . .        (shield currently unavailable)
rNeg    . . .        i - +0 scale mail
rPois   .            (helmet restricted)
rElec   .            p - +1 cloak
rCorr   .            (gloves currently unavailable)
SInv    .            (no boots)
Will    ++...        j - amulet of the acrobat Stlth
                     (no ring)
HPRegen 1.20/turn    (no ring)
MPRegen 0.09/turn

%: acrobat
@: blade hands, strong-willed, regenerating, lightly drained
A: reduced hp, horns 2, retaliatory headbutt
a: Begin Untransformation, Renounce Religion, Berserk, Trog's Hand


You were on level 4 of the Dungeon.
You worshipped Trog.
Trog was pleased with you.
You had blades for hands.
You visited 1 branch of the dungeon, and saw 4 of its levels.

You collected 186 gold pieces.

Inventory:

Hand Weapons
 a - a +0 hand axe (melded)
Armour
 b - a +0 animal skin
 i - a +0 scale mail (worn)
 p - a +1 cloak (worn)
Jewellery
 j - an amulet of the acrobat (around neck)
 r - a +5 ring of evasion
Talismans
 q - a blade talisman (active)
Scrolls
 d - a scroll of amnesia
 e - 2 scrolls of enchant armour {unknown}
 g - 4 scrolls of identify {unknown}
 k - a scroll of silence {unknown}
 l - a scroll of revelation {unknown}
 m - a scroll of poison {unknown}
 n - a scroll of noise {unknown}
 o - 2 scrolls of acquirement {unknown}
 t - a scroll of fear {unknown}
Potions
 c - a potion of heal wounds {unknown}
 f - a potion of enlightenment {unknown}
 h - a potion of curing {unknown}
 s - a potion of resistance {unknown}


   Skills:
 + Level 5.1 Fighting
 + Level 5.6 Axes
 + Level 3.1 Armour
 + Level 2.6 Dodging
 + Level 0.7 Stealth


You had 4 spell levels left.
You didn't know any spells.
Your spell library was empty.

Dungeon Overview and Level Annotations

Branches:
Dungeon (4/15)
 Temple: D:4-7

Altars:
Okawaru
Ru
Yredelemnul

Annotations:
D:4 Pikel


Innate Abilities, Weirdness & Mutations

You have blades for hands.
Your maximum health is decreased, since you lack skill for your form.
Your spellcasting is less reliable in this form.
You are incapable of wielding weapons or throwing items.
You have a pair of horns on your head.
You reflexively headbutt those who attack you in melee.


Message History

The lemure shouts!
The goblin shouts!
You hear a shout!
There are monsters nearby!
Pikel, Merchant of Souls comes into view.
He is wielding a +0 whip of freezing.
Pikel shouts!
A lemure comes into view. x2
Unknown command.
There are monsters nearby!
The lemure shouts! x2
The lemure hits you!
You hit the lemure.
The lemure is lightly wounded.
The lemure closely misses you.
There are monsters nearby!
Unknown command.
Okay, then.
There are monsters nearby!
The lemure hits you but does no damage. The lemure hits you!
You begin transforming.
You continue transforming.
The lemure hits you but does no damage. The lemure hits you.
You continue transforming.
The lemure closely misses you. You furiously retaliate!
You headbutt the lemure! The lemure closely misses you.
You continue transforming.
The lemure hits you. Pikel hits you but does no damage. The lemure hits you.
Your hands turn into razor-sharp scythe blades.
Your +0 hand axe melds into your body.
HP restored.
Your skin crawls.
You feel strong-willed. Pikel barely misses you. You furiously retaliate!
You headbutt Pikel! The lemure misses you. You furiously retaliate!
You headbutt the lemure! The lemure closely misses you.
There are monsters nearby!
You closely miss the lemure. Your headbutt misses the lemure.
The lemure is severely wounded.
The lemure hits you.
Ouch! That really hurt!
* * * LOW HITPOINT WARNING * * *
The lemure hits you.
Ouch! That really hurt!
You die...

#.#...######.#
##.##. #.....#
.# #.#
###.....## .#
#.# ........>#
#.# ###......#
#.# #.....?#
.#
#)..#..#####.#
#....5........
#?...K@#######
.....g55#
##.....5#
#.......
##..#...
#.......
........
###...#...


You could see Pikel, 4 lemures and a goblin.

Vanquished Creatures
  An orc priest (D:3)
  An orc wizard (D:3)
  6 adders
  A worm (D:2)
  2 orcs (D:3)
  3 endoplasms
  A giant cockroach (D:1)
  9 goblins
  4 hobgoblins
  5 quokkas
  8 ball pythons
  5 bats
  5 frilled lizards
  8 kobolds
  7 rats
66 creatures vanquished.

Notes
Turn   | Place    | Note
-------+----------+-------------------------------------------
     0 | D:1      | Aj7335 the Minotaur Berserker began the quest for the Orb.
     0 | D:1      | Reached XP level 1. HP: 19/19 MP: 0/0
   284 | D:1      | Reached XP level 2. HP: 27/27 MP: 1/1
   671 | D:1      | Found a faded altar of an unknown god.
   672 | D:1      | Reached ** piety under Trog
   996 | D:2      | Reached XP level 3. HP: 34/34 MP: 2/2
  1591 | D:3      | Reached XP level 4. HP: 38/41 MP: 3/3
  1592 | D:3      | Reached skill level 5 in Axes
  1611 | D:3      | Reached skill level 5 in Fighting
  2111 | D:3      | Reached XP level 5. HP: 48/48 MP: 4/4
  2138 | D:3      | Found a basalt altar of Yredelemnul.
  2700 | D:3      | Found an iron altar of Okawaru.
  2841 | D:4      | Found a sacrificial altar of Ru.
  2918 | D:4      | Noticed a lemure
  2919 | D:4      | Noticed a lemure
  2920 | D:4      | Noticed Pikel
  2920 | D:4      | Noticed a lemure
  2920 | D:4      | Noticed a lemure
  2928 | D:4      | Slain by a lemure

Illustrated notes

Levels and vault maps discovered:
D:1:      minmay_arrival_diagonal_passages, layout_basic,
          hellmonk_ecumenical_altar_zigzags
D:2:      layout_basic
D:3:      layout_loops_ring, mainiacjoe_overflow_small_starburst,
          hellmonk_okawaru_the_only_friend_you_need, minivault_11
D:4:      layout_loops_ring, grunt_ashenzari_visionary
          [grunt_ashenzari_visionary_swamp, grunt_ashenzari_visionary_spider],
          mainiacjoe_overflow_catwalk, uniq_sigmund, uniq_menkaure, uniq_pikel

Skill      XL: |  1  2  3  4 |
---------------+-------------+-----
Fighting       | 4 5 |  5.1
Axes           | 4 5 |  5.6
Armour         | 3 |  3.1
Dodging        | |  2.6
Stealth        | |  0.7

Action                     |  1- 3 |  4- 6 || total
---------------------------+-------+-------++-------
  Melee: Hand axe          |    82 |    69 ||   151
         Headbutt          |    12 |     7 ||    19
         Punch             |       |     2 ||     2
         Unarmed           |       |     1 ||     1
 Invoke: Berserk           |       |     1 ||     1
         Trog's Hand       |       |     1 ||     1
    Use: Scroll            |     1 |       ||     1
         Potion            |     1 |       ||     1
 Armour: Animal skin       |     7 |       ||     7
         Scale mail        |     9 |    31 ||    40
  Dodge: Dodged            |    59 |    37 ||    96
   Form: Blade             |       |     1 ||     1

Table legend: (Time is in decaauts)
 A = Elapsed time spent in this place.
 B = Non-inter-level travel time spent in this place.
 C = Inter-level travel time spent in this place.
 D = Time resting spent in this place.
 E = Time spent auto-exploring this place.
 F = Levels seen in this place.
 G = Mean time per level.
                   A        B        C        D        E       F      G
               +--------+--------+--------+--------+--------+-----+--------+
         Total |   2946 |   2761 |    185 |    391 |   1971 |   4 |  736.5 |
       Dungeon |   2946 |   2761 |    185 |    391 |   1971 |   4 |  736.5 |
               +--------+--------+--------+--------+--------+-----+--------+

Top non-repeatable levels by time:
     D:3: 1241 daAuts
     D:1: 854 daAuts
     D:2: 736 daAuts
     D:4: 114 daAuts
